 Dungeon Crawl Stone Soup version 0.27.1-4-g1640c2035a (webtiles) character file.

Game seed: 7386866541332987229

198803 bearlyready the Bludgeoner (level 18, -20/312 HPs)
             Began as an Ogre Brigand on Nov 13, 2021.
             Was an Initiate of Gozag.
             Demolished by a tentacled starspawn (24 damage)
             ... on level 3 of the Abyss.
             The game lasted 01:39:08 (57758 turns).

bearlyready the Bludgeoner (Ogre Brigand)          Turns: 57758, Time: 01:39:08

Health: -20/312    AC: 24    Str: 21 (24) XL:     18   Next: 45%
Magic:  18/18      EV:  7    Int:  9 (10) God:    Gozag
Gold:   6246       SH:  5    Dex:  9 (10) Spells: 16/17 levels left

rFire    + . .     SeeInvis .   S - +0 giant spiked club
rCold    + . .     Faith    .   (shield currently unavailable)
rNeg     . . .     Spirit   .   b - +6 gold dragon scales
rPois    +         Reflect  +   (helmet restricted)
rElec    .         Harm     .   c - +0 cloak
rCorr    .         Rampage  .   (gloves unavailable)
Will     +....                  (boots unavailable)
Stlth    ..........             a - amulet of reflection
HPRegen  0.62/turn              i - +4 ring of evasion
MPRegen  0.16/turn              O - +4 ring of slaying

@: berserking (expiring), gold aura, studying Throwing, very quick
A: large, unfitting armour, tough skin 1, [dopey 1], [weak 1]
}: 1/15 runes: decaying
a: Renounce Religion, Potion Petition, Call Merchant, Bribe Branch


You were on level 3 of the Abyss.
You worshipped Gozag.
Gozag was greatly pleased with you.
You visited 6 branches of the dungeon, and saw 29 of its levels.
You visited the Abyss 1 time.
You also visited: Sewer, Ossuary and Bailey.

You collected 11610 gold pieces.
You spent 2860 gold pieces at shops.
You paid 2504 gold pieces to Gozag.

Inventory:

Hand Weapons
 S - a +0 giant spiked club (weapon)
Missiles
 d - 77 poisoned darts
 e - 35 large rocks
 h - 22 boomerangs (quivered)
 j - 707 stones
 W - a curare-tipped dart
Armour
 b - +6 gold dragon scales (worn)
 c - a +0 cloak (worn)
Jewellery
 a - an amulet of reflection (around neck)
 g - a +4 ring of protection
 i - a +4 ring of evasion (left hand)
 C - a ring of protection from cold
 G - a ring of resist corrosion
 O - a +4 ring of slaying (right hand)
 X - a ring of protection from cold
Wands
 q - a wand of flame (11)
 D - a wand of mindburst (13)
 K - a wand of paralysis (16)
 Q - a wand of polymorph (15)
 R - a wand of charming (23)
Scrolls
 n - a scroll of holy word
 r - 8 scrolls of magic mapping
 s - 2 scrolls of torment
 t - a scroll of teleportation
 v - 3 scrolls of immolation
 w - 8 scrolls of enchant weapon
 x - a scroll of blinking
 B - 7 scrolls of vulnerability
 H - 9 scrolls of amnesia
 M - 2 scrolls of identify
 N - 4 scrolls of fog
 P - 4 scrolls of silence
Potions
 f - 4 potions of resistance
 l - 8 potions of haste
 m - 2 potions of flight
 p - 5 potions of degeneration
 u - 2 potions of cancellation
 z - 5 potions of magic
 A - 3 potions of mutation
 F - 10 potions of lignification
 J - 3 potions of attraction
 L - 3 potions of brilliance
Miscellaneous
 y - a lightning rod (3/4)
 I - a tin of tremorstones (inert)
 T - a condenser vane (inert)


   Skills:
 + Level 19.5 Fighting
 - Level 1.7 Short Blades
 + Level 19.7 Maces & Flails
 + Level 12.4 Throwing
 - Level 8.0 Armour
 - Level 9.0 Dodging
 - Level 3.0 Stealth
 - Level 8.0 Evocations


You had 16 spell levels left.
You knew the following spells:

 Your Spells              Type           Power      Damage    Failure   Level
a - Animate Skeleton      Necr           0%         N/A       100%        1

Your spell library contained the following spells:

 Spells                   Type           Power      Damage    Failure   Level
 Pain                     Necr           0%         1d4       100%        1
 Shock                    Conj/Air       0%         1d3       100%        1
 Blink                    Tloc           N/A        N/A       100%        2
 Call Canine Familiar     Summ           0%         N/A       100%        3
 Ignite Poison            Fire/Tmut/Pois 0%         N/A       100%        3
 Lesser Beckoning         Tloc           0%         N/A       100%        3
 Mephitic Cloud           Conj/Pois/Air  0%         N/A       100%        3
 Portal Projectile        Hex/Tloc       0%         N/A       100%        3
 Swiftness                Air            0%         N/A       100%        3
 Vampiric Draining        Necr           0%         2d6       100%        3
 Airstrike                Air            0%         N/A       100%        4
 Hailstorm                Conj/Ice       0%         3d3       100%        4
 Ice Form                 Ice/Tmut       0%         N/A       100%        4
 Leda's Liquefaction      Hex/Erth       0%         N/A       100%        4
 Summon Lightning Spire   Summ/Air       0%         N/A       100%        4
 Alistair's Intoxication  Tmut/Pois      0%         N/A       100%        5
 Bolt of Magma            Conj/Fire/Erth 0%         4d4       100%        5
 Borgnjor's Vile Clutch   Necr/Erth      0%         N/A       100%        5
 Iskenderun's Battlesphe  Conj           0%         2d6       100%        5
 Lightning Bolt           Conj/Air       0%         1d11      100%        5
 Manifold Assault         Tloc           0%         N/A       100%        5
 Eringya's Noxious Bog    Tmut/Pois      0%         N/A       100%        6
 Iron Shot                Conj/Erth      0%         9d1       100%        6
 Simulacrum               Ice/Necr       0%         N/A       100%        6
 Spellforged Servitor     Conj/Summ      0%         N/A       100%        7


Dungeon Overview and Level Annotations

Branches:
Dungeon (15/15)            Temple (1/1) D:6            Lair (6/6) D:8
  Swamp (4/4) Lair:4       Spider (0/4) Lair:4        Slime (0/5) Lair:6
    Orc (2/2) D:11            Elf (1/3) Orc:2        Vaults (0/5) D:14
 Depths (0/5) D:15          Sewer (visited)         Ossuary (visited)
 Bailey (visited)

Altars:
Ashenzari
Cheibriados
Dithmenos
Elyvilon
Fedhas
Gozag
Hepliaklqana
Kikubaaqudgha
Makhleb
Nemelex Xobeh
Okawaru
Qazlal
Ru
Sif Muna
Trog
Uskayaw
Vehumet
Wu Jian
Xom
Yredelemnul
Zin
The Shining One
Beogh
Jiyva

Shops:
D:1 ![[   D:2 ?   D:13 *   Orc:1 [   Orc:2 [!*(

Portals:
Abyss: Lair:4


Innate Abilities, Weirdness & Mutations

You are too large for most types of armour.
You have tough skin. (AC +1)
[You are dopey. (Int -2)]
[You are weak. (Str -2)]


Message History

A tentacled starspawn comes into view.
You puncture the wretched star!
The wretched star is severely damaged.
The wretched star pulses with an eldritch light!
You feel stupid. x2; You feel weaker. x2
You barely miss the wretched star.
The wretched star is severely damaged.
You pound the wretched star like an anvil!!!
You destroy the wretched star!
Tentacles burst from the starspawn's body!
A starcursed mass splits. 2 starspawn tentacles come into view.
You see here 4 gold pieces.
You pound the blizzard demon like an anvil!!!
The blizzard demon is almost dead.
The blizzard demon barely misses you. The blizzard demon hits you!
* * * LOW HITPOINT WARNING * * *
You block the tentacled starspawn's attack.
The tentacled starspawn tentacle-slaps you!
* * * LOW HITPOINT WARNING * * *
You barely miss the blizzard demon.
The blizzard demon is almost dead.
The blizzard demon barely misses you.
The blizzard demon hits you but does no damage.
You barely miss the blizzard demon.
The blizzard demon is almost dead.
The tentacled starspawn bites you!!
* * * LOW HITPOINT WARNING * * *
The tentacled starspawn tentacle-slaps you.
* * * LOW HITPOINT WARNING * * *
You beat the blizzard demon like a drum!!!
You kill the blizzard demon!
You feel the corruption within you wane somewhat.
You feel clever.
You feel stronger.
You bludgeon the tentacled starspawn!!
The tentacled starspawn is moderately damaged.
A kobold comes into view.
The tentacled starspawn bites you!!
You die...
Your body crumbles into a pile of gold.

# . # .
.. # ##
. . #
##.#
### X X
..K #..
#.. ...
. .
#w.#X
#Xw# ..
. #
##@####
# #.##
#.# #
## # .
# # # #
# #. .
# . #


You could see a starcursed mass, a tentacled starspawn, 2 starspawn tentacles
and a kobold.

Vanquished Creatures
  Rupert (Lair:5)
  Jorgrun (Orc:2)
  A tentacled monstrosity (Swamp:3)
  A sphinx (D:12)
  A tentacled starspawn (Abyss:3)
  2 thorn hunters
  Kirke (Swamp:3)
  A fenstrider witch (Swamp:3)
  Louise (Swamp:1)
  The ghost of mrw3rdna the Severer, a journeyman HOFi of Qazlal (Lair:4)
  A deep elf demonologist (Elf:1)
  5 bunyips
  2 vampire knights
  The ghost of SquidGame the Severer, a journeyman TeBe of Trog (Orc:2)
  5 eleionomae
  Josephine (D:11)
  A blizzard demon (Abyss:3)
  2 shambling mangroves (Swamp:4)
  Harold (D:9)
  5 boulder beetles
  2 ogre magi (Orc:2)
  A death knight (D:12)
  5 centaur warriors
  The ghost of mrw3rdna the Cleaver, a novice HOFi of Qazlal (D:9)
  17 hydras
  4 alligators
  A deep troll earth mage (D:12)
  A vampire mage (D:15)
  12 two-headed ogres
  3 tengu warriors
  An orc high priest (Orc:2)
  A hell hog (Abyss:3)
  A sun demon (Abyss:3)
  An iron troll (Orc:2)
  13 deep elf knights
  A wretched star (Abyss:3)
  6 skeletal warriors
  5 spriggan druids
  6 goliath frogs
  10 swamp dragons
  A deep troll (Orc:1)
  3 bog bodies
  9 deep elf archers (Elf:1)
  2 spectral hydras (Swamp:4)
  Pikel (D:6)
  18 deep elf pyromancers
  2 necromancers
  11 deep elf zephyrmancers (Elf:1)
  A wolf spider zombie (Abyss:3)
  2 orc knights (D:15)
  3 oklob plants (Swamp:4)
  A harpy (shapeshifter) (D:15)
  5 manticores
  3 orc sorcerers
  8 ugly things
  A will-o-the-wisp (Swamp:4)
  8 cyclopes
  6 large abominations (Abyss:3)
  A black mamba (Lair:5)
  3 smoke demons (Abyss:3)
  Joseph (D:7)
  A guardian serpent (Abyss:3)
  16 hornets
  A stone giant skeleton (D:15)
  37 wolves
  An orange demon (Abyss:3)
  3 kobold demonologists
  11 cane toads
  A spriggan zombie (D:15)
  2 unseen horrors
  2 rime drakes
  An efreet (Abyss:3)
  6 hydra zombies (Swamp:4)
  7 komodo dragons
  2 freezing wraiths
  2 tengu conjurers
  An ancient zyme (Abyss:3)
  A red devil (Abyss:3)
  11 trolls
  Grinder (Sewer)
  A death drake zombie (Swamp:4)
  8 tyrant leeches
  A bloated husk (Swamp:2)
  3 meliai (D:14)
  A fire dragon zombie (D:15)
  A blink frog (shapeshifter) (D:15)
  8 polar bears
  4 raiju (Abyss:3)
  7 blink frogs
  9 slime creatures
  A fire dragon skeleton (D:15)
  6 starcursed masses (Abyss:3)
  Sigmund (D:6)
  A redback (Lair:4)
  An air elemental (Elf:1)
  A vampire (D:14)
  20 spriggans
  3 hogs
  A water elemental (Elf:1)
  9 basilisks
  30 yaks
  6 wraiths
  5 wyverns
  Grum (D:8)
  A fire elemental (Elf:1)
  2 steam dragons (D:8)
  9 vampire mosquitoes
  Edmund (D:5)
  A warg (Orc:1)
  14 swamp worms
  13 water moccasins
  Duvessa (D:5)
  3 hydra simulacra (Swamp:4)
  31 orc warriors
  2 ice beasts
  2 sky beasts
  4 swamp drakes
  24 ogres
  7 black bears
  2 necrophages
  3 swamp dragon zombies (Swamp:4)
  6 boggarts
  12 centaurs
  3 lemures (D:6)
  2 swamp dragon skeletons (Swamp:4)
  A phantom (D:6)
  2 kobold brigands (D:13)
  Blork the orc (D:5)
  8 small abominations (Abyss:3)
  11 bullfrogs
  A gnoll sergeant (D:13)
  2 earth elementals (Elf:1)
  2 scorpions
  Dowan (D:5)
  2 wyvern skeletons (D:7)
  2 wights (Sewer)
  9 killer bees
  4 howler monkeys
  9 electric eels
  4 centaur zombies
  2 centaur skeletons (D:5)
  A hound (D:7)
  3 jellies
  10 orc priests
  Ijyb (D:4)
  A bullfrog skeleton (D:6)
  5 iguanas
  12 orc wizards
  A killer bee zombie (D:8)
  8 mummies (Ossuary)
  6 adders
  12 gnolls
  5 shadow imps (Sewer)
  2 ufetubi
  An adder skeleton (D:4)
  An adder zombie (Sewer)
  4 worms
  2 dart slugs
  75 orcs
  2 endoplasms
  7 giant cockroaches
  A gnoll zombie (Ossuary)
  7 goblins
  12 hobgoblins
  3 jackals (D:5)
  23 kobolds
  3 quokkas
  7 ball pythons
  4 bats
  13 frilled lizards
  2 hobgoblin zombies (Ossuary)
  6 kobold zombies
  6 rats
  2 briar patches (Swamp:4)
  A starspawn tentacle (Abyss:3)
906 creatures vanquished.

Vanquished Creatures (collateral kills)
  A cyclops (Orc:2)
  A troll (D:9)
  A polar bear (Lair:6)
  A hornet (Swamp:4)
  A spriggan (Lair:6)
  A spriggan (shapeshifter) (D:9)
  A wyvern (D:8)
  A hydra simulacrum (Swamp:4)
  An ogre (Orc:2)
  2 wolves (D:8)
  2 gnolls (Bailey)
  2 orcs (Bailey)
  A goblin (Bailey)
  2 hobgoblins (Bailey)
18 creatures vanquished.

Vanquished Creatures (others)
  6 dancing weapons (Elf:1)
  A centaur warrior (D:12)
  A deep elf knight (Elf:1)
  A wizard (D:14)
  A hornet (Swamp:4)
  A bloated husk (Swamp:2)
  A boggart (D:14)
  An orc priest (D:6)
  A gnoll (Orc:1)
  An orc (D:11)
  A briar patch (Swamp:3)
  A bush (Lair:6)
  4 foxfires (Swamp:4)
  27 fungi
  A lurking horror (Abyss:3)
  114 plants
  2 starspawn tentacles (Abyss:3)
  10 withered plants (D:15)
175 creatures vanquished.

Grand Total: 1099 creatures vanquished

Notes
Turn   | Place    | Note
-------+----------+-------------------------------------------
     0 | D:1      | bearlyready the Ogre Brigand began the quest for the Orb.
     0 | D:1      | Reached XP level 1. HP: 22/22 MP: 1/1
   321 | D:1      | Reached XP level 2. HP: 19/31 MP: 2/2
   567 | D:1      | Found a faded altar of an unknown god.
   711 | D:1      | Found Hausim's Armour Boutique.
   737 | D:1      | Found Goohuokh's Armour Shop.
   917 | D:1      | Found Tauvi's Distillery.
   923 | D:1      | Bought a potion of curing for 36 gold pieces
   923 | D:1      | Bought a potion of degeneration for 12 gold pieces
  1268 | D:2      | You fall into a shaft and drop 1 floor!
  1301 | D:3      | Found a shimmering blue altar of Sif Muna.
  1303 | D:3      | Found a hide-covered altar of Uskayaw.
  1304 | D:3      | Found a sparkling altar of Nemelex Xobeh.
  1305 | D:3      | Found a blossoming altar of Fedhas.
  1305 | D:3      | Found a stormy altar of Qazlal.
  1400 | D:3      | Reached skill level 1 in Maces & Flails
  1460 | D:3      | Noticed an ice beast
  1508 | D:3      | HP: 1/46 [ice beast (13)]
  1514 | D:3      | Killed an ice beast
  1515 | D:3      | Reached XP level 3. HP: 18/40 MP: 3/3
  1515 | D:3      | Reached XP level 4. HP: 22/49 MP: 4/4
  1515 | D:3      | Reached XP level 5. HP: 25/55 MP: 5/5
  2833 | D:4      | Reached skill level 5 in Fighting
  2862 | D:4      | Found a glowing drain.
  2868 | Sewer    | Entered a sewer
  3037 | Sewer    | Reached XP level 6. HP: 49/66 MP: 6/6
  3265 | Sewer    | Found an ancient bone altar of Kikubaaqudgha.
  3522 | Sewer    | Noticed Grinder
  3583 | Sewer    | Paralysed by Grinder for 4 turns
  3592 | Sewer    | Paralysed by Grinder for 7 turns
  3595 | Sewer    | Killed Grinder
  3596 | Sewer    | Reached skill level 5 in Throwing
  3596 | Sewer    | Reached XP level 7. HP: 68/72 MP: 7/7
  3960 | D:4      | Reached skill level 1 in Evocations
  3962 | D:4      | Noticed Ijyb
  4242 | D:4      | Reached XP level 8. HP: 80/80 MP: 8/8
  4426 | D:4      | Killed Ijyb
  4481 | D:4      | Reached skill level 5 in Maces & Flails
  4621 | D:5      | Entered Level 5 of the Dungeon
  4888 | D:5      | Noticed Blork the orc
  4900 | D:5      | Killed Blork the orc
  5190 | D:5      | Noticed Edmund
  5220 | D:5      | Killed Edmund
  5434 | D:5      | Paralysed by an orc for 5 turns
  5860 | D:5      | Noticed Dowan
  5873 | D:5      | Killed Dowan
  5873 | D:5      | Noticed Duvessa
  6096 | D:5      | Killed Duvessa
  6097 | D:5      | Reached XP level 9. HP: 21/88 MP: 9/9
  6497 | D:6      | You fall into a shaft and drop 2 floors!
  6563 | D:7      | Found a sand-covered staircase.
  6571 | Ossuary  | Entered an ossuary
  8371 | D:7      | Noticed Joseph
  8396 | D:7      | Killed Joseph
  8876 | D:8      | Noticed Grum
  8876 | D:8      | You fall into a shaft and drop 2 floors!
  8876 | D:10     | Entered Level 10 of the Dungeon
  8984 | D:10     | Noticed a tengu warrior
  9199 | D:9      | Noticed a troll
  9476 | D:8      | Reached XP level 10. HP: 32/96 MP: 10/10
  9628 | D:8      | Killed Grum
 10036 | D:8      | Found a bloodstained altar of Trog.
 10523 | D:8      | Found a staircase to the Lair.
 10673 | D:9      | Found a runed translucent gate.
 10674 | D:9      | Found a runed translucent gate.
 10674 | D:9      | Noticed mrw3rdna's ghost (novice HOFi)
 10675 | D:9      | Found a runed translucent gate.
 10675 | D:9      | Noticed an 11-headed hydra
 10697 | D:9      | Noticed a manticore
 10953 | D:9      | Paralysed by a hornet for 3 turns
 10961 | D:9      | Killed a hornet
 11200 | D:9      | Killed a manticore
 11201 | D:9      | Reached skill level 10 in Throwing
 12342 | D:9      | Noticed Harold
 12362 | D:9      | Killed Harold
 12363 | D:9      | Reached skill level 5 in Evocations
 12363 | D:9      | Reached XP level 11. HP: 75/109 MP: 11/11
 13116 | D:10     | Reached skill level 10 in Maces & Flails
 13889 | D:10     | Killed a tengu warrior
 14221 | D:11     | Noticed a boulder beetle
 14237 | D:11     | Killed a boulder beetle
 14518 | D:11     | Found a staircase to the Orcish Mines.
 14862 | D:11     | Noticed a manticore
 14870 | D:11     | Killed a manticore
 15020 | D:11     | Noticed a two-headed ogre
 15030 | D:11     | Killed a two-headed ogre
 15366 | D:6      | Noticed Pikel
 15367 | D:6      | Noticed Sigmund
 15380 | D:6      | Killed Sigmund
 15381 | D:6      | Killed Pikel
 15382 | D:6      | Reached skill level 10 in Fighting
 15382 | D:6      | Reached XP level 12. HP: 101/126 MP: 12/12
 15993 | D:6      | Found a staircase to the Ecumenical Temple.
 16085 | Temple   | Entered the Ecumenical Temple
 16145 | Temple   | Became a worshipper of Gozag Ym Sagoz the Greedy
 16850 | D:12     | Noticed a boulder beetle
 16862 | D:12     | Killed a boulder beetle
 16919 | D:12     | Noticed a centaur warrior
 16928 | D:12     | Noticed a boulder beetle
 16928 | D:12     | Noticed a deep troll earth mage
 16930 | D:12     | Noticed a frost giant
 17260 | D:12     | Killed a boulder beetle
 17553 | D:12     | Noticed a fire giant
 17716 | D:12     | Noticed a sphinx
 17719 | D:12     | Paralysed by a sphinx for 4 turns
 17849 | Lair:1   | Entered Level 1 of the Lair of Beasts
 19450 | Lair:2   | Noticed a five-headed hydra
 19467 | Lair:2   | Killed a five-headed hydra
 19468 | Lair:2   | Reached skill level 1 in Dodging
 19584 | Lair:2   | Reached skill level 1 in Armour
 21004 | Lair:3   | Noticed a five-headed hydra
 21123 | Lair:3   | Reached XP level 13. HP: 92/140 MP: 13/13
 22566 | Lair:3   | HP: 7/141 [bog body/bolt of cold (26)]
 23035 | Lair:4   | Found a hole to the Spider Nest.
 24054 | Lair:4   | Found a staircase to the Swamp.
 24078 | Lair:4   | Found a transporter.
 24103 | Lair:4   | Found a transporter.
 24118 | Lair:4   | Noticed a great orb of eyes
 24976 | Lair:5   | Found a burning altar of Makhleb.
 25247 | Lair:5   | Noticed Rupert
 25261 | Lair:5   | Paralysed by Rupert for 6 turns
 25278 | Lair:5   | Killed Rupert
 25279 | Lair:5   | Reached skill level 5 in Dodging
 26822 | Lair:6   | Entered Level 6 of the Lair of Beasts
 26823 | Lair:6   | Found a viscous altar of Jiyva.
 26823 | Lair:6   | Found a staircase to the Slime Pits.
 27190 | Lair:6   | Reached skill level 5 in Armour
 27262 | Lair:6   | Reached XP level 14. HP: 97/153 MP: 14/14
 30311 | Orc:1    | Entered Level 1 of the Orcish Mines
 30311 | Orc:1    | Noticed Josephine
 30363 | D:11     | Killed Josephine
 30960 | Orc:1    | Found Efuxez's Armour Shoppe.
 31147 | Orc:2    | Entered Level 2 of the Orcish Mines
 31147 | Orc:2    | Noticed Jorgrun
 31159 | Orc:2    | Killed Jorgrun
 31366 | Orc:2    | Found Mamil's Weapon Emporium.
 31367 | Orc:2    | Found Juri's General Store.
 31368 | Orc:2    | Found Ryuhiqiv's Distillery.
 31440 | Orc:1    | Reached XP level 15. HP: 93/163 MP: 15/15
 31662 | Orc:1    | Learned a level 1 spell: Animate Skeleton
 32417 | Orc:2    | Found Limu's Armour Boutique.
 32434 | Orc:2    | Bought a scroll of magic mapping for 49 gold pieces
 32434 | Orc:2    | Bought a potion of might for 56 gold pieces
 32449 | Orc:2    | Bought a potion of invisibility for 120 gold pieces
 32449 | Orc:2    | Bought a potion of haste for 150 gold pieces
 32449 | Orc:2    | Bought a potion of might for 60 gold pieces
 32610 | Orc:2    | Found a staircase to the Elven Halls.
 32631 | Orc:2    | Found a runed translucent gate.
 32829 | Orc:2    | Found a runed translucent gate.
 32830 | Orc:2    | Found a runed translucent gate.
 32831 | Orc:2    | Found an iron altar of Okawaru.
 32831 | Orc:2    | Noticed SquidGame's ghost (journeyman TeBe)
 32990 | Orc:2    | Bought the +4 robe of Augmentation {Str+4 Int+4 Dex+4} for
                  | 581 gold pieces
 32990 | Orc:2    | Found the +4 robe of Augmentation {Str+4 Int+4 Dex+4}
 33148 | Orc:2    | Killed SquidGame's ghost
 33534 | D:9      | Killed mrw3rdna's ghost
 33772 | Lair:4   | Found a one-way gate to the infinite horrors of the Abyss.
 33790 | Lair:4   | Noticed mrw3rdna's ghost (journeyman HOFi)
 34210 | Lair:4   | Killed mrw3rdna's ghost
 35130 | D:2      | Found Feaphuf's Magic Scroll Emporium.
 35136 | D:2      | Bought a scroll of fog for 20 gold pieces
 35136 | D:2      | Bought a scroll of magic mapping for 35 gold pieces
 35136 | D:2      | Bought a scroll of blinking for 75 gold pieces
 35136 | D:2      | Bought a scroll of acquirement for 520 gold pieces
 35136 | D:2      | Bought a scroll of fog for 20 gold pieces
 35136 | D:2      | Bought a scroll of magic mapping for 35 gold pieces
 35136 | D:2      | Bought a scroll of silence for 75 gold pieces
 35136 | D:2      | Bought a scroll of identify for 20 gold pieces
 35136 | D:2      | Bought a scroll of identify for 20 gold pieces
 35139 | D:2      | Acquired 649 gold pieces
 35141 | D:2      | Acquired 785 gold pieces
 35142 | D:2      | Acquired a manual of Throwing
 35144 | D:2      | Acquired 1098 gold pieces
 35145 | D:2      | Acquired +1 pearl dragon scales
 35930 | D:12     | Killed a sphinx
 35931 | D:12     | Reached skill level 15 in Maces & Flails
 37256 | D:13     | Found a flagged portal.
 37276 | Bailey   | Entered a bailey
 37384 | Bailey   | Found an iron altar of Okawaru.
 38486 | D:13     | Acquired +2 gold dragon scales
 39177 | D:13     | Found Suass's Assorted Antiques.
 39183 | D:13     | Bought a scroll of blinking for 240 gold pieces
 39183 | D:13     | Bought a potion of haste for 320 gold pieces
 39183 | D:13     | Bought a potion of haste for 320 gold pieces
 39183 | D:13     | Bought a wand of charming (7) for 64 gold pieces
 39183 | D:13     | Bought a scroll labelled CUEBBIOGOC for 32 gold pieces
 39646 | D:14     | Acquired a manual of Maces & Flails
 40016 | D:14     | Found a snail-covered altar of Cheibriados.
 40384 | D:14     | Found a gate to the Vaults.
 40600 | D:14     | Reached XP level 16. HP: 146/174 MP: 16/16
 41666 | D:15     | Entered Level 15 of the Dungeon
 41677 | D:15     | Found an opulent altar of Gozag.
 41995 | D:15     | Reached skill level 15 in Fighting
 41998 | D:15     | Found a staircase to the Depths.
 43374 | Swamp:1  | Entered Level 1 of the Swamp
 43530 | Swamp:1  | Noticed Louise
 43556 | Swamp:1  | Killed Louise
 45261 | Swamp:2  | Acquired a manual of Throwing
 47708 | Swamp:3  | Noticed a thorn hunter
 47709 | Swamp:3  | Noticed a tentacled monstrosity
 47716 | Swamp:3  | Killed a tentacled monstrosity
 47734 | Swamp:3  | Killed a thorn hunter
 48320 | Swamp:4  | Entered Level 4 of the Swamp
 48474 | Swamp:4  | Noticed Kirke
 48474 | Swamp:4  | Noticed a fenstrider witch
 48488 | Swamp:3  | Reached XP level 17. HP: 106/189 MP: 17/17
 48704 | Swamp:4  | Paralysed by a fenstrider witch for 2 turns
 49965 | Swamp:3  | Killed Kirke
 52252 | Swamp:4  | Paralysed by a hornet for 3 turns
 52677 | Swamp:4  | Found a basalt altar of Yredelemnul.
 52692 | Swamp:4  | Got a decaying rune of Zot
 52972 | Swamp:4  | Found a blossoming altar of Fedhas.
 53282 | Elf:1    | Entered Level 1 of the Elven Halls
 53333 | Elf:1    | Found a radiant altar of Vehumet.
 53681 | Elf:1    | HP: 9/196 [something/shard of ice (24)]
 55034 | Elf:1    | Reached XP level 18. HP: 77/206 MP: 18/18
 56564 | Elf:1    | Noticed a Tzitzimitl
 56566 | Elf:1    | Noticed a Brimstone Fiend
 57042 | Elf:1    | Cast into level 3 of the Abyss (a deep elf demonologist)
 57125 | Abyss:3  | Found a shimmering altar of Xom.
 57288 | Abyss:3  | Found a bloodstained altar of Trog.
 57745 | Abyss:3  | HP: 3/208 [crystal wall collision (22)]
 57756 | Abyss:3  | HP: 8/312 [tentacled starspawn (25)]
 57756 | Abyss:3  | HP: 3/312 [tentacled starspawn (5)]
 57758 | Abyss:3  | Demolished by a tentacled starspawn

Illustrated notes

Levels and vault maps discovered:
D:1:      scummos_arrival_star, layout_basic,
          hellmonk_ecumenical_altar_defaced_shrine, serial_shops,
          nicolae_shop_trees, nicolae_lakefront_shop, nicolae_shop_behind_doors
D:2:      layout_basic, serial_shops, shop
D:3:      layout_loops_corners, grunt_temple_overflow_open
D:4:      layout_rooms, lightli_sewer_entry_pipes, uniq_ijyb
D:5:      layout_loops_ring, kennysheep_donut, minmay_lizard_king, uniq_grinder,
          uniq_blork_the_orc, uniq_duvessa, uniq_edmund
D:6:      layout_rooms, temple_statues, uniq_pikel, uniq_sigmund
D:7:      layout_gridville, chequers_ossuary_entry_cave, grunt_ministairs_2,
          minmay_splitting_lines, uniq_joseph
D:8:      layout_rooms, mainiacjoe_overflow_surrounded_room, lair_entry_dummy,
          uniq_grum
D:9:      layout_cave_pools, gammafunk_ghost_hydra_chop, uniq_harold
D:10:     layout_big_octagon
D:11:     layout_roguey, orc_0_dummy
D:12:     minmay_containers, layout_basic
D:13:     layout_roguey, serial_shops, shop_statue, enter_bailey_4
D:14:     layout_basic, david_vaults_1, cheibriados_altar_1
D:15:     gammafunk_depths_entry_grave, layout_basic, lemuel_tele_altar,
          amcnicky_mini_pool_medium
Temple:   nicolae_temple_x_marks_the_god
Lair:1:   layout_hall_layers
Lair:2:   layout_chaotic_city, serial_bayou_shore_b, serial_bayou_shore_a,
          grunt_megastairs_4, serial_bayou_shore_b
Lair:3:   layout_regular_city
Lair:4:   layout_hall_layers, skrybe_swamp_entry_bodies,
          spider_nest_entry_rubble, gammafunk_ghost_abyssal_escape
Lair:5:   layout_layer_cave, basic_altar, serial_forest,
          infiniplex_forest_clump_small, infiniplex_forest_zigzag_2,
          infiniplex_forest_clump_large, infiniplex_forest_lined_4_way,
          infiniplex_forest_straight_2, infiniplex_forest_straight_2,
          infiniplex_forest_zigzag_1, infiniplex_forest_pool,
          infiniplex_forest_corner_1, infiniplex_forest_end_double,
          nicolae_lair_grove_arrangements, chequers_serial_rivers_large_a,
          uniq_rupert
Lair:6:   minmay_lair_end_enchanted_forest, layout_regular_city, slime_altar_1,
          minmay_hedge_maze, nicolae_quartered_pool_little, disabler_island
Swamp:1:  layout_basic_swamp, evilmike_swamp_ruin_rubble_2, uniq_louise
Swamp:2:  layout_basic_swamp, evilmike_swamp_ruin_house_2, swamp_pool2,
          infiniplex_staircase_pool_2
Swamp:3:  layout_falls_marsh, nicolae_swamp_little_swirl
Swamp:4:  byrel_swamp_growth_death_and_undeath, layout_basic_swamp, uniq_kirke
Orc:1:    layout_caves, serial_shops, shop, uniq_josephine
Orc:2:    st_orc_open, layout_caves, gammafunk_ghost_fury_of_okawaru,
          uniq_jorgrun
Elf:1:    eino_elf_arrival_altar, layout_loops_ring, orc_legates,
          amcnicky_mini_rare_corridor_liquid, item_on_display_a
Abyss:3:  base: Spider:4, bh_abyss_negative,
          dshaligram_kb_abyss_rune_zappy_water_cross,
          guppyfry_abyss_exit_imp_island, hangedman_abyss_feature_spike,
          hangedman_grunt_abyss_rune_horror_hoard,
          gammafunk_abyss_rune_reverse_zot, nicolae_abyss_rune_left_handed,
          doesnt_abyss_rune_brain_food

Skill      XL: |  1  2  3  4  5  6  7  8  9 10 11 12 13 14 15 16 17 18 |
---------------+-------------------------------------------------------+-----
Fighting       | 3 4 5 7 10 12 13 14 16 18 19 | 19.5
Maces & Flails | 2 4 6 8 9 10 11 12 13 16 18 19 | 19.7
Throwing       | 3 5 7 9 10 12 | 12.4
Evocations     | 1 3 4 5 6 8 |  8.0
Stealth        | 3 |  3.0
Dodging        | 2 5 8 9 |  9.0
Armour         | 2 5 6 8 |  8.0
Short Blades   | |  1.7

Action                   |  1- 3 |  4- 6 |  7- 9 | 10-12 | 13-15 | 16-18 || total
-------------------------+-------+-------+-------+-------+-------+-------++-------
Melee: Whip              |    60 |   348 |   483 |    46 |       |       ||   937
       Dagger            |     3 |       |       |       |       |       ||     3
       Dire flail        |       |       |       |   609 |   887 |       ||  1496
       Giant spiked club |       |       |       |       |   358 |  1019 ||  1377
       Unarmed           |       |       |       |       |       |     7 ||     7
Throw: Boomerang         |     7 |    16 |    33 |    58 |   156 |    90 ||   360
       Dart              |     7 |    15 |    91 |    71 |    10 |     7 ||   201
       Large rock        |     1 |     1 |     3 |     1 |     7 |    77 ||    90
       Javelin           |       |       |       |       |     8 |    14 ||    22
       Throwing net      |       |       |       |       |     4 |     2 ||     6
Invok: Potion Petition   |       |       |       |       |       |     6 ||     6
Evoke: Lightning rod     |       |       |     9 |     5 |    20 |    21 ||    55
       Wand              |       |       |     1 |    18 |    29 |    38 ||    86
       Condenser vane    |       |       |       |       |     4 |     5 ||     9
       Tin of tremorston |       |       |       |       |       |     4 ||     4
  Use: Potion            |     3 |     2 |       |     3 |    15 |    14 ||    37
       Scroll            |       |       |     7 |    10 |    26 |    13 ||    56
 Stab: Sleeping          |     5 |     7 |     6 |     4 |     8 |       ||    30
       Distracted        |       |     1 |       |       |     9 |     5 ||    15
       Paralysed         |       |       |    14 |    30 |       |     9 ||    53
       Held in net/web   |       |       |       |       |     1 |     1 ||     2
       Invisible         |       |       |       |       |     1 |       ||     1
Armor: Robe              |    14 |    50 |    53 |    14 |    19 |       ||   150
       Skin              |    14 |    24 |       |    24 |       |       ||    62
       Steam dragon scal |       |       |       |   112 |   188 |       ||   300
       Gold dragon scale |       |       |       |       |   205 |   922 ||  1127
       Pearl dragon scal |       |       |       |       |   100 |       ||   100
Dodge: Dodged            |    47 |   226 |   305 |   462 |   735 |   402 ||  2177
Block: Other             |       |       |       |       |   193 |   236 ||   429
       Reflection        |       |       |       |       |    11 |    11 ||    22
